cohdb
Replays
Latest Replays
All Replays
Popular Replays
Top Player Replays
Match Explorer
How It Works
Community
CoH3 Stats
Reddit
Sign in to upload your games and track your stats! →
Sign in with Steam
Match 46687758
Unlisted
Match 46687758
Overview
Messages
Build Orders
End
Pioneer Squad
Construct Infanterie Kompanie
Grenadier Squad
Grenadier Squad
Grenadier Squad
Infanterie Officer Quarters
Medical Station
Construct Panzergrenadier Kompanie
251 Medium Carrier
Pak 40 Anti-tank Gun Team
Selects Mechanized Battlegroup
Selects Raid Package
Selects Mobile Repair Stations
MG 42 Machine Gun Team
Construct Panzer Kompanie
Selects Wespe Self-propelled Artillery
Wespe Self-propelled Artillery
Stoßtruppen Squad
Pak 40 Anti-tank Gun Team
Selects StuG Assault Group
Selects UNKNOWN (2160084)
Panther Heavy Tank
Panther Heavy Tank
Pioneer Squad
BALCK_9
Eilte
CAuMOH
MonikaのPants
0
0
Comments
sign in to comment!
No comments posted yet!